 Dungeon Crawl Stone Soup version 0.32-a0-411-g744942f433 (webtiles) character file.

Game seed: 5774553920102320252

11 shadowstone the Vexing (level 2, 0/21 HPs)
             Began as a Coglin Hexslinger on Feb 20, 2024.
             Slain by a frilled lizard (2 damage)
             ... on level 1 of the Dungeon.
             The game lasted 00:00:22 (118 turns).

shadowstone the Vexing (Coglin Hexslinger)           Turns: 118, Time: 00:00:23

Health: 0/21       AC:  2    Str:  8    XL:     2   Next: 25%
Magic:  3/3        EV: 12    Int: 12    God:
Gold:   9          SH:  0    Dex: 16    Spells: 3/3 levels left

rFire   . . .        a - +1 sling {Navbir}
rCold   . . .        (no shield)
rNeg    . . .        c - +0 robe
rPois   .            (no helmet)
rElec   .            (no cloak)
rCorr   .            (no gloves)
SInv    .            (no boots)
Will    .....        (no amulet)
Stlth   +            (no ring)
HPRegen 0.23/turn    (no ring)
MPRegen 0.08/turn

%: no passive effects
@: revved
A: off-hand wielding, slow wielding, warmup strikes, legs shutdown
a: no special abilities


You were on level 1 of the Dungeon.
You visited 1 branch of the dungeon, and saw 1 of its levels.

You collected 9 gold pieces.

Inventory:

Hand Weapons
 a - a +1 sling (weapon) {Navbir}
Armour
 c - a +0 robe (worn)
Scrolls
 b - a scroll of poison
 d - a scroll of revelation {unknown}


   Skills:
 + Level 1.0 Fighting
 + Level 2.0 Ranged Weapons
 + Level 1.8 Dodging
 + Level 1.0 Spellcasting
 + Level 3.1 Hexes
 + Level 0.8 Fire Magic


You had 3 spell levels left.
You didn't know any spells.
Your spell library contained the following spells:

 Spells                   Type           Power      Damage    Failure   Level
 Jinxbite                 Hex            16%        N/A       13%         2
 Sigil of Binding         Hex            8%         N/A       26%         3
 Inner Flame              Hex/Fire       5%         N/A       36%         3
 Cause Fear               Hex            4%         N/A       63%         4
 Dimensional Bullseye     Hex/Tloc       2%         N/A       85%         4


Dungeon Overview and Level Annotations

Branches:
Dungeon (1/15)

Altars:


Innate Abilities, Weirdness & Mutations

You can wield a second weapon in your off-hand.
It takes a long time for you to wield or remove held weapons.
Your first few attacks do less damage.
Attacking and casting redirects power from your legs.


Message History

You are too injured to fight recklessly!
Unknown command.
You are too injured to fight recklessly!
Unknown command.
You shoot a sling bullet. The sling bullet hits the jackal.
You kill the jackal!
The frilled lizard bites you but does no damage.
The jackal barely misses you.
Your Ranged Weapons skill increases to level 2!
You shoot a sling bullet. The sling bullet hits the jackal!
You kill the jackal!
The jackal bites you.
* * * LOW HITPOINT WARNING * * *
Your Hexes skill increases to level 3!
You have reached level 2!
You shoot a sling bullet.
The sling bullet barely misses the jackal.
The frilled lizard barely misses you. The jackal bites you.
* * * LOW HITPOINT WARNING * * *
The frilled lizard bites you but does no damage.
The frilled lizard closely misses you. The jackal misses you.
You shoot a sling bullet. The sling bullet hits the jackal!
You kill the jackal!
The frilled lizard closely misses you.
The frilled lizard completely misses you.
Unknown command.
The frilled lizard bites you.
* * * LOW HITPOINT WARNING * * *
The frilled lizard misses you.
You see here a jackal corpse.
You shoot a sling bullet.
The sling bullet barely misses the frilled lizard.
The frilled lizard barely misses you. The frilled lizard misses you.
You shoot a sling bullet.
The sling bullet hits the frilled lizard.
You kill the frilled lizard!
The frilled lizard closely misses you. The frilled lizard bites you.
* * * LOW HITPOINT WARNING * * *
The frilled lizard bites you.
You die...

# . .. .. #. ##...
#. ##....♣
#.###...♣ #..@†.♣.♣
♣♣♣♣ ##.l..?♣
♣♣♣♣... ###....♣♣♣
♣♣...♣♣♣ #.....♣♣
♣♣♣♣.♣♣♣.♣♣
###.....♣♣ ♣♣♣...♣♣
♣♣.♣
##.....♣♣♣~♣♣...♣♣♣
♣♣.
##..♣♣♣♣♣♣≈~≈..♣♣♣
♣♣ ##.♣♣♣ ♣♣♣~~≈♣♣♣
#..♣♣ ♣♣~≈≈≈♣♣ ♣


You could see a frilled lizard.

Vanquished Creatures
  4 jackals (D:1)
  A frilled lizard (D:1)
  A goblin (D:1)
6 creatures vanquished.

Notes
Turn   | Place    | Note
-------+----------+-------------------------------------------
     0 | D:1      | shadowstone the Coglin Hexslinger began the quest for the
                  | Orb.
     0 | D:1      | Reached XP level 1. HP: 15/15 MP: 2/2
   113 | D:1      | Reached skill level 3 in Hexes
   113 | D:1      | Reached XP level 2. HP: 6/21 MP: 3/3
   118 | D:1      | Slain by a frilled lizard

Illustrated notes

Levels and vault maps discovered:
D:1:      kilobyte_arrival_exit_the_forest, layout_basic, serial_shops,
          nicolae_shop_gaudy_bauble

Skill      XL: |  1 |
---------------+----+-----
Ranged Weapons | 2 |  2.0
Hexes          | 3 |  3.1
Fighting       | |  1.0
Dodging        | |  1.8
Spellcasting   | |  1.0
Fire Magic     | |  0.8

Action                     || total
---------------------------++-------
   Fire: Sling             ||    13
 Armour: Robe              ||    19
  Dodge: Dodged            ||    21

Table legend: (Time is in decaauts)
 A = Elapsed time spent in this place.
 B = Non-inter-level travel time spent in this place.
 C = Inter-level travel time spent in this place.
 D = Time resting spent in this place.
 E = Time spent auto-exploring this place.
 F = Levels seen in this place.
 G = Mean time per level.
                   A        B        C        D        E       F      G
               +--------+--------+--------+--------+--------+-----+--------+
         Total |    123 |    123 |      0 |      0 |     77 |   1 |  123.0 |
       Dungeon |    123 |    123 |      0 |      0 |     77 |   1 |  123.0 |
               +--------+--------+--------+--------+--------+-----+--------+

Top non-repeatable levels by time:
     D:1: 123 daAuts
